 Dungeon Crawl Stone Soup version 0.31-a0-997-g9a2f3ffc92 (webtiles) character file.

Game seed: 10300275849239005460

54 night the Ruffian (level 3, -13/23 HPs)
             Began as an Octopode Shapeshifter on Nov 7, 2023.
             Was a Follower of Kikubaaqudgha.
             Mangled by Crazy Yiuf
             ... wielding a +4 quarterstaff of chaos
              (14 damage)
             ... on level 2 of the Dungeon.
             The game lasted 00:03:56 (1124 turns).

night the Ruffian (Octopode Shapeshifter)           Turns: 1124, Time: 00:03:57

Health: -13/23     AC:  1    Str: 13    XL:     3   Next: 91%
Magic:  0/3        EV: 13    Int: 14    God:    Kikubaaqudgha [*.....]
Gold:   62         SH:  0    Dex: 11    Spells: 0/2 levels left

rFire   . .          .
                       - Unarmed
rCold   . . .        (no shield)
rNeg    . . .        (helmet currently unavailable)
rPois   .            (no amulet)
rElec   .            (no ring)
rCorr   .            (no ring)
SInv    .            (no ring)
Will    .....        (no ring)
Stlth   +++          (no ring)
HPRegen 0.23/turn    (no ring)
MPRegen 0.08/turn    (no ring)
                     (no ring)

%: no passive effects
@: beast-form
A: beast (slay +1), almost no armour, amphibious, 8 rings, camouflage 1,
gelatinous body 1, (nimble swimmer 1), tentacles
a: Begin Untransformation, Renounce Religion, Unearth Wretches


You were on level 2 of the Dungeon.
You worshipped Kikubaaqudgha.
Kikubaaqudgha was aware of your devotion.
You were a hulking beast.
You visited 1 branch of the dungeon, and saw 2 of its levels.

You collected 62 gold pieces.

Inventory:

Missiles
 f - 9 stones
Jewellery
 e - a +4 ring of protection
Talismans
 b - a beast talisman
 c - a flux talisman
Scrolls
 d - 3 scrolls of identify {unknown}
 h - a scroll of amnesia {unknown}
Potions
 a - a potion of lignification


   Skills:
 - Level 1.0 Fighting
 - Level 2.0 Dodging
 + Level 2.9 Stealth
 * Level 3.8 Unarmed Combat
 + Level 0.6 Necromancy
 + Level 3.1 Shapeshifting


You couldn't memorise any spells.
You knew the following spells:

 Your Spells              Type           Power      Damage    Failure   Level
a - Kiss of Death         Conj/Necr      0%         2d5       26%         1
b - Necrotise             Necr           4%         1d4       22%         1

Your spell library contained the following spells:

 Spells                   Type           Power      Damage    Failure   Level
 Sublimation of Blood     Necr           1%         N/A       32%         2
 Vampiric Draining        Necr           1%         2d6       54%         3


Dungeon Overview and Level Annotations

Branches:
Dungeon (2/15)

Altars:
Kikubaaqudgha

Annotations:
D:2 Crazy Yiuf


Innate Abilities, Weirdness & Mutations

You are a hulking beast.
Your limbs bulge with bestial killing power. (Slay +1)
You cannot wear most types of armour.
You are amphibious.
You can wear up to eight rings at the same time.
Your skin changes colour to match your surroundings (Stealth+).
Your rubbery body absorbs attacks. (AC +1, EV +1)
((You are camouflaged when in or above water. (Stealth+)))
You have tentacles for arms and can constrict up to eight enemies at once.


Message History

You see here the +1 hammer "Cigraal" {flame, Int+5}.
You are a hulking beast.
You have 8 tentacles available for constriction.
Your movement speed is average.
Your attack delay is about 0.9.
Your damage rating with unarmed combat is about 7 (Base [3 + 3 (UC)] x 107% (Str) x 101% (Fight) + 1 (Slay)).
Okay, then.
Crazy Yiuf shouts!
You open the door.
Crazy Yiuf zaps a wand.
You resist with significant effort.
Cast which spell? (? or * to list)
You can't see any susceptible monsters within range! (Use Z to cast anyway.) Cast which spell? (? or * to list)
Aiming: Necrotise (safe; 22% risk of failure)
Press: ? - help, Shift-Dir - straight line, f - Crazy Yiuf
Aim: Crazy Yiuf, wielding a +4 quarterstaff of chaos, wearing a +0 cloak and carrying a wand of polymorph (chance to affect: 45%) Crazy Yiuf resists with some effort.
Casting: Necrotise (safe; 22% risk of failure)
Confirm with . or Enter, or press ? or * to list all spells.
Aiming: Necrotise (safe; 22% risk of failure)
Press: ? - help, Shift-Dir - straight line, f/p - Crazy Yiuf
Aim: Crazy Yiuf, wielding a +4 quarterstaff of chaos, wearing a +0 cloak and carrying a wand of polymorph (chance to affect: 45%) Crazy Yiuf writhes in agony.
Casting: Necrotise (safe; 22% risk of failure)
Confirm with . or Enter, or press ? or * to list all spells.
Aiming: Kiss of Death (safe; 26% risk of failure)
Press: ? - help, Shift-Dir - straight line, f/p - Crazy Yiuf
Aim: Crazy Yiuf, wielding a +4 quarterstaff of chaos, wearing a +0 cloak and carrying a wand of polymorph (lightly wounded, 100% to hit)
You miscast Kiss of Death.
You are very lightly contaminated with residual magic.
Nothing appears to happen.
Crazy Yiuf hits you with a +4 quarterstaff of chaos!
Ouch! That really hurt!
* * * LOW HITPOINT WARNING * * *
Crazy Yiuf burns you.
* * * LOW HITPOINT WARNING * * *
It was a potion of cancellation.
You feel magically purged.
Your magical contamination has completely faded away.
Crazy Yiuf hits you with a +4 quarterstaff of chaos!
Ouch! That really hurt!
You die...
Kikubaaqudgha rasps: "You have failed me!
Welcome... death!"

###.#### #....# #######)#
#...#...## ######### #
.........## #)....).##..
..........###)....).)..
..........#....).)..# ###
....................#...#
................)..hg...#
#...#...##....).).).#..)#
#.########.##)..)).)# ###
#. #.##.)))..)..)
#.#####..)...). ..#
######### ... ####


You could see Crazy Yiuf.

Vanquished Creatures
  Jessica (D:2)
  2 endoplasms (D:1)
  A giant cockroach (D:1)
  2 goblins (D:1)
  5 hobgoblins (D:1)
  2 quokkas (D:1)
  2 ball pythons (D:1)
  5 bats (D:1)
  2 kobolds
  4 rats (D:1)
26 creatures vanquished.

Notes
Turn   | Place    | Note
-------+----------+-------------------------------------------
     0 | D:1      | night the Octopode Shapeshifter began the quest for the
                  | Orb.
     0 | D:1      | Reached XP level 1. HP: 13/13 MP: 1/1
   209 | D:1      | Reached skill level 1 in Stealth
   346 | D:1      | Reached XP level 2. HP: 13/18 MP: 2/2
   370 | D:1      | Found a faded altar of an unknown god.
   385 | D:1      | Reached skill level 2 in Stealth
   390 | D:1      | Prayed at the altar of an unknown god.
   390 | D:1      | Became a worshipper of Kikubaaqudgha
   390 | D:1      | Reached * piety under Kikubaaqudgha
   390 | D:1      | Received a gift from Kikubaaqudgha
   491 | D:1      | Learned a level 1 spell: Kiss of Death
   617 | D:1      | Reached XP level 3. HP: 23/23 MP: 3/3
  1062 | D:2      | Noticed Jessica
  1066 | D:2      | Learned a level 1 spell: Necrotise
  1077 | D:2      | Killed Jessica
  1111 | D:2      | Found a runed translucent door.
  1116 | D:2      | Identified the +1 hammer "Cigraal" {flame, Int+5}
  1116 | D:2      | Noticed Crazy Yiuf
  1123 | D:2      | HP: 1/23 [Crazy Yiuf/+4 quarterstaff of chaos (5)]
  1124 | D:2      | Mangled by Crazy Yiuf

Illustrated notes

Levels and vault maps discovered:
D:1:      orjb1_clovarrival, layout_basic,
          hellmonk_ecumenical_altar_arch_garden, serial_forest,
          infiniplex_forest_straight_3, infiniplex_forest_end_3,
          infiniplex_forest_diagonal, infiniplex_forest_end_2,
          infiniplex_forest_3_way, infiniplex_forest_end_2,
          infiniplex_forest_end_3, infiniplex_forest_lined_room_2,
          infiniplex_forest_straight_2
D:2:      layout_rooms, nicolae_grassy_gnolls, uniq_crazy_yiuf_cottage,
          uniq_jessica

Skill      XL: |  1  2 |
---------------+-------+-----
Stealth        | 1 2 |  2.9
Fighting       | |  1.0
Dodging        | |  2.0
Unarmed Combat | |  3.8
Necromancy     | |  0.6
Shapeshifting  | |  3.1

Action                     || total
---------------------------++-------
  Melee: Unarmed           ||    56
         Constrict         ||    11
         Tentacles         ||     7
   Cast: Necrotise         ||     4
    Use: Potion            ||     1
   Stab: Sleeping          ||     8
 Armour: Skin              ||    17
  Dodge: Dodged            ||    32

Table legend: (Time is in decaauts)
 A = Elapsed time spent in this place.
 B = Non-inter-level travel time spent in this place.
 C = Inter-level travel time spent in this place.
 D = Time resting spent in this place.
 E = Time spent auto-exploring this place.
 F = Levels seen in this place.
 G = Mean time per level.
                   A        B        C        D        E       F      G
               +--------+--------+--------+--------+--------+-----+--------+
         Total |   1120 |   1098 |     22 |     18 |    869 |   2 |  560.0 |
       Dungeon |   1120 |   1098 |     22 |     18 |    869 |   2 |  560.0 |
               +--------+--------+--------+--------+--------+-----+--------+

Top non-repeatable levels by time:
     D:1: 1051 daAuts
     D:2: 69 daAuts
